Zazza, neutral female human Tourist -------------- --------------- |............| |..........`...# #.............| |.......%.....|# ###--------.----- |.............|# # ########## |.............|############ # ----.----------######### ##### # # ### -----|------ ### # |...........#### ------------- # ###|..........| |...........| m #.......^..<.######## |..>........| -----------@---- ------------ # |...........| |..........[f..| ###|...........| |*!((!*%.!+@...| #............| |.%.(])..(=.+!.| |...........| |!.[?)[%.=?(...| ------------- ---------------- Zazza the Rambler Experience level: 1 Strength: 11 Dexterity: 12 Constitution: 16 Intelligence: 11 Wisdom: 9 Charisma: 18 Health: 0(10) Energy: 2(2) Def: 2 Gold: 0 Moves: 1723 Dungeon seed: N0b9b5OSf69GkFg4 Game ID: Zazza_1619026569 Your Inventory: Weapons a - 18 +2 darts B - a +0 quarterstaff Armor e - an uncursed +0 Hawaiian shirt y - an uncursed +0 cloak of displacement (being worn) z - a cursed -1 pair of iron shoes (being worn) N - an uncursed +0 pair of jumping boots Comestibles b - 5 uncursed food rations d - an uncursed egg g - an uncursed tripe ration F - 3 uncursed tripe rations Scrolls k - an uncursed scroll of magic mapping l - a blessed scroll of magic mapping Spellbooks q - an uncursed spellbook of cure sickness s - an uncursed spellbook of create monster Potions j - 2 uncursed potions of extra healing Tools m - an expensive camera (0:66) n - an uncursed credit card E - an uncursed brass lantern (0:1041) Gems r - an uncursed worthless piece of violet glass Spells and supernatural/magical abilities: Name Level Category Fail Memory K - cure sickness 3 healing 100% 94% W - pray for help -- divine ? -- Your skills at the end: Fighting Skills Weapon Skills dart [Basic] Spellcasting Skills Final Attributes: You were nominally aligned. You were displaced. You are dead. Vanquished creatures: 2 giant rats a yellow mold a gecko 6 jackals 2 foxes 2 kobolds 2 goblins 4 sewer rats 2 grid bugs a lichen 2 kobold zombies 7 newts 32 creatures vanquished. Voluntary challenges: You were vegetarian. You never hit with a wielded weapon. You read items or engraved 10 times, starting on turn 324. You never genocided any monsters. You never polymorphed an object. You never changed form. You used no wishes. You never split a pudding. You never wrote Elbereth's name. You never violated your personal moral code. Dungeon overview: The Dungeons of Doom: levels 1 to 3 Level 1 a long staircase Level 2 an armor shop, a fountain stairs to The Gnomish Mines Level 3 <- You were here a general store The Gnomish Mines: Level 3 stairs to The Dungeons of Doom History has recorded: On T:1 you entered the Dungeons of Doom to retrieve the Amulet of Yendor! On T:500 you reached level 2 of The Dungeons of Doom. On T:830 you reached level 1 of The Gnomish Mines. On T:1419 you reached level 3 of The Dungeons of Doom. Score breakdown: Gold: 0 ( 0 points) Experience: 1 level ( 0 points) Exploration: 3 levels ( 5.66%) ( 5883 points) Discoveries: 9 items ( 3.02%) ( 5213 points) Valuables value: (no points given unless you survive) Artifact value: 0 ( 0 points) Variety of kills: 12 monsters ( 3.15%) ( 5324 points) Turncount: 1723 turns ( 0 points) Survival: died (score multiplied by 80%) Total score: 13136 Latest messages: The dart misses the small mimic. You begin praying to The Lady. You are surrounded by a shimmering light. Armand drops a coarse mantelet. The small mimic starts to attack you, but pulls back. Armand picks up a coarse mantelet. You feel that The Lady is satisfied. The dart hits the small mimic. Armand drops a coarse mantelet. The dart misses the small mimic. The dart hits the small mimic. The dart misses the small mimic. The small mimic hits! You die... Inuvik gratefully inherits all your possessions. Final status: Aloha Zazza the Tourist, killed by a small mimic... You died in The Dungeons of Doom on dungeon level 3 with 13136 points, and 0 pieces of gold, after 1723 moves. You were level 1 with a maximum of 10 hit points when you died.